 Dungeon Crawl Stone Soup version 0.26.1-11-gd32895ea62 (webtiles) character file.

Game seed: 8063423670400932537

46 Zeld the Insei (level 3, 0/24 HPs)
             Began as an Octopode Transmuter on May 28, 2021.
             Was an Initiate of Gozag.
             Succumbed to an adder's poison
             ... on level 2 of the Dungeon.
             The game lasted 00:02:10 (2851 turns).

Zeld the Insei (Octopode Transmuter)                Turns: 2851, Time: 00:02:11

Health: 0/24       AC:  1    Str: 10    XL:     3   Next: 66%
Magic:  6/6        EV: 13    Int: 15    God:    Gozag
Gold:   10         SH:  0    Dex: 12    Spells: 1/7 levels left

rFire    . . .     SeeInvis .     - Unarmed
rCold    . . .     Faith    .   (no shield)
rNeg     . . .     Spirit   .   e - +0 hat
rPois    .         Reflect  .   (no amulet)
rElec    .         Harm     .   (no ring)
rCorr    .         Rampage  .   (no ring)
Will     .....                  (no ring)
Stlth    ++........             (no ring)
HPRegen  0.08/turn              (no ring)
MPRegen  0.10/turn              (no ring)
                                (no ring)
                                (no ring)

@: lethally poisoned (0 -> -10)
A: almost no armour, stealthy swim, amphibious, 8 rings, constrict 8, camouflage
1, gelatinous body 1
a: Renounce Religion, Potion Petition, Call Merchant, Bribe Branch


You were on level 2 of the Dungeon.
You worshipped Gozag.
Gozag was noncommittal.
You visited 2 branches of the dungeon, and saw 5 of its levels.

You collected 106 gold pieces.
You paid 96 gold pieces to Gozag.

Inventory:

Armour
 e - a +0 hat (worn)
Jewellery
 g - an uncursed ring of wizardry {unknown}
Scrolls
 a - a scroll of enchant armour {unknown}
 b - 2 scrolls of magic mapping {unknown}
 c - 2 scrolls of identify {unknown}
 d - a scroll of teleportation {unknown}
 f - a scroll of remove curse {unknown}


   Skills:
 + Level 1.6 Fighting
 + Level 2.4 Dodging
 - Level 3.0 Unarmed Combat
 * Level 2.5 Spellcasting
 * Level 2.6 Transmutations


You had one spell level left.
You knew the following spells:

 Your Spells              Type           Power        Failure   Level
a - Beastly Appendage     Tmut           18%          7%          1
b - Wereblood             Tmut           9%           11%         2
c - Spider Form           Tmut/Pois      2%           36%         3

Your spell library contained the following spells:

 Spells                   Type           Power        Failure   Level
 Ice Form                 Ice/Tmut       5%           77%         4
 Blade Hands              Tmut           4%           89%         5


Dungeon Overview and Level Annotations

Branches:
Dungeon (4/15)             Temple (1/1) D:4

Altars:
Cheibriados
Gozag
Hepliaklqana
Makhleb
Nemelex Xobeh
Okawaru
Ru
Xom
The Shining One


Innate Abilities, Weirdness & Mutations

You cannot wear most types of armour.
You are very stealthy in the water. (Stealth+)
You are amphibious.
You can wear up to eight rings at the same time.
You can use your tentacles to constrict eight enemies at once.
Your skin changes colour to match your surroundings (Stealth+).
Your rubbery body absorbs attacks. (AC +1, EV +1)


Message History

You feel sick. The adder bites you.
* * * LOW HITPOINT WARNING * * *
You miss the adder. Your grab misses the adder.
Your tentacle spike misses the adder.
The adder is heavily wounded.
The adder closely misses you. The adder bites you.
* * * LOW HITPOINT WARNING * * *
You are more poisoned.
The adder poisons you!
You aren't carrying any potions.
Unknown command.
Your tentacle spike disappears.
Your +0 hat unmelds from your body.
* * * LOW HITPOINT WARNING * * *
You feel sick.
You see here a scroll labelled QUTEMI KEUNESI.
* * * LOW HITPOINT WARNING * * *
You feel sick.
You die...
Your body crumbles into a pile of gold.

#.##.####.#
#.....รท..<# .#
........####.#
.# #########
#>.# .#
####.#### .#
#.......# .#
#.......# .#
#.......#####.#
#........@.S..#
#......$#####.#
#......=# .#
#.......# .. $
######### .##
.# ##


You could see an adder.

Vanquished Creatures
  An ooze (D:1)
  2 leopard geckos
  7 bats
  2 goblins (D:1)
  5 hobgoblins (D:1)
  3 jackals (D:1)
  7 kobolds (D:1)
  A quokka (D:3)
  4 frilled lizards
  6 rats
38 creatures vanquished.

Notes
Turn   | Place    | Note
-------+----------+-------------------------------------------
     0 | D:1      | Zeld the Octopode Transmuter began the quest for the Orb.
     0 | D:1      | Reached XP level 1. HP: 13/13 MP: 3/3
   444 | D:1      | Reached XP level 2. HP: 18/18 MP: 3/5
   448 | D:1      | Learned a level 2 spell: Wereblood
  1075 | D:1      | Reached XP level 3. HP: 20/23 MP: 4/6
  1082 | D:1      | Learned a level 3 spell: Spider Form
  2292 | D:4      | Found a staircase to the Ecumenical Temple.
  2300 | Temple   | Entered the Ecumenical Temple
  2317 | Temple   | Became a worshipper of Gozag Ym Sagoz the Greedy
  2850 | D:2      | HP: 1/24 [poisoned by an adder]
  2851 | D:2      | Succumbed to an adder's poison

Illustrated notes

Levels and vault maps discovered:
D:1:      lightli_arrival_farm, layout_loops_corners, minmay_tiny_reverse_x
D:2:      layout_loops_ring, uniq_natasha
D:3:      layout_basic, minitemple, old_standard_altar
D:4:      minmay_clustersquares, layout_loops_ring,
          grunt_temple_overflow_forces_of_nature,
          minmay_temple_entry_large_hall, gammafunk_ghost_necromancy,
          uniq_edmund
Temple:   compressed_dpeg_triangle_lava_temple

Action                   || total
-------------------------++-------
Melee: Unarmed           ||   105
       Constrict         ||    20
       Tentacles         ||    15
       Kick              ||    11
       Punch             ||     1
 Cast: Beastly Appendage ||    22
 Stab: Sleeping          ||     3
Armor: Skin              ||    12
Dodge: Dodged            ||   102
